 Dungeon Crawl Stone Soup version 0.30.1-3-gfc49f6343a (webtiles) character file.

Game seed: 10579690843887617562

644 croobank the Covert (level 7, -2/33 HPs)
             Began as a Felid Delver on July 22, 2023.
             Slain by an ogre
             ... wielding a +0 giant club
              (17 damage)
             ... on level 6 of the Dungeon.
             The game lasted 00:25:43 (5886 turns).

croobank the Covert (Felid Delver)                  Turns: 5886, Time: 00:25:43

Health: -2/33      AC:  4    Str: 18    XL:     7   Next: 27%
Magic:  3/12       EV: 19    Int: 12    God:
Gold:   482        SH:  0    Dex: 17    Spells: 6/12 levels left
                                        Lives:  0   Deaths: 2

rFire   . .          .
                       - Unarmed
rCold   . . .        (shield unavailable)
rNeg    . . .        (body armour unavailable)
rPois   .            (helmet unavailable)
rElec   .            (cloak unavailable)
rCorr   .            (gloves unavailable)
SInv    +            (boots unavailable)
Will    +....        k - amulet of magic regeneration
Stlth   ++++         h - +6 ring of strength
HPRegen 0.25/turn    (no ring)
MPRegen 0.53/turn

%: no passive effects
@: very slightly contaminated, quick
A: very small, claws 1, fangs 3, see invisible, speed 1, shaggy fur 2, stealthy
paws, no weapons or thrown items, no armour, multi-lived, iridescent scales 1,
strong 1
a: no special abilities


You were on level 6 of the Dungeon.
You visited 1 branch of the dungeon, and saw 7 of its levels.

You collected 482 gold pieces.

Inventory:

Missiles
 l - 4 javelins
Jewellery
 h - a +6 ring of strength (left paw)
 k - an amulet of magic regeneration (around neck)
Wands
 e - a wand of digging (13)
Scrolls
 a - 4 scrolls of fog
 b - 2 scrolls of magic mapping
Potions
 f - 4 potions of attraction
 m - 2 potions of curing


   Skills:
 - Level 4.5 Fighting
 - Level 5.1 Dodging
 - Level 9.3 Stealth
 - Level 3.9 Unarmed Combat
 - Level 3.3 Spellcasting
 + Level 2.6 Summonings
 - Level 3.2 Poison Magic


You had 6 spell levels left.
You knew the following spells:

 Your Spells              Type           Power      Damage    Failure   Level
a - Summon Small Mammal   Summ           32%        N/A       8%          1
b - Poisonous Vapours     Pois/Air       10%        N/A       19%         2
c - Call Canine Familiar  Summ           8%         N/A       24%         3

Your spell library contained the following spells:

 Spells                   Type           Power      Damage    Failure   Level
 Sting                    Tmut/Pois      20%        1d4       12%         1
 Freeze                   Ice            4%         1d3       24%         1
 Slow                     Hex            4%         N/A       24%         1
 Summon Guardian Golem    Hex/Summ       5%         N/A       38%         3
 Olgreb's Toxic Radiance  Pois           9%         N/A       54%         4
 Confusing Touch          Hex            1%         N/A       58%         3
 Frozen Ramparts          Ice            2%         1d1       58%         3
 Hailstorm                Conj/Ice       1%         3d3       58%         3
 Tukima's Dance           Hex            1%         N/A       58%         3
 Vampiric Draining        Necr           1%         2d6       58%         3
 Leda's Liquefaction      Hex/Erth       0%         N/A       94%         4
 Blade Hands              Tmut           0%         N/A       100%        5
 Iron Shot                Conj/Erth      0%         9d1       100%        6
 Portal Projectile        Hex/Tloc       Unusable   N/A       N/A         3
 Animate Armour           Summ/Erth      Unusable   N/A       N/A         4

Dungeon Overview and Level Annotations

Branches:
Dungeon (7/15)             Temple (0/1) D:6

Altars:
Dithmenos
Kikubaaqudgha
Makhleb
Okawaru
Sif Muna

Shops:
D:6 *

Annotations:
D:6 Maggie


Innate Abilities, Weirdness & Mutations

You have sharp claws.
You have razor-sharp teeth.
You have supernaturally acute eyesight. (SInv)
You cover ground quickly. (Speed+)
You are covered in thick fur. (AC +2)
Your paws help you pounce on unaware monsters.
You are incapable of wielding weapons or throwing items.
You cannot wear armour.
You gain extra lives every three experience levels.
You are partially covered in iridescent scales. (AC +2)
Your muscles are strong. (Str +4, Int/Dex -1)


Message History

Aiming: Poisonous Vapours (safe; 19% risk of failure)
Press: ? - help, Dir - move target, f/p - ogre
Aim: an ogre, wielding a +0 giant club (lightly wounded, poisoned, ally target)
You miscast Poisonous Vapours.
Nothing appears to happen.
Your hound bites the ogre. x2
Casting: Poisonous Vapours (safe; 19% risk of failure)
Confirm with . or Enter, or press ? or * to list all spells.
Aiming: Poisonous Vapours (safe; 19% risk of failure)
Press: ? - help, Dir - move target, f/p - ogre
Aim: an ogre, wielding a +0 giant club (moderately wounded, poisoned, ally target) Poisonous vapours surround the ogre!
The ogre looks even sicker.
Your hound bites the ogre.
The ogre hits your hound with a +0 giant club!!
Your hound dies!
Your hound's corpse disappears in a puff of smoke!
Casting: Poisonous Vapours (safe; 19% risk of failure)
Confirm with . or Enter, or press ? or * to list all spells.
The ogre hits your hound with a +0 giant club!
Your hound bites the ogre.
Casting: Call Canine Familiar (quite dangerous; 24% risk of failure)
Confirm with . or Enter, or press ? or * to list all spells.
You don't have enough magic to cast this spell.
Your hound bites the ogre but does no damage.
The ogre hits your hound with a +0 giant club!!
Your hound dies!
Your hound's corpse disappears in a puff of smoke!
The ogre shouts!
Casting: Call Canine Familiar (quite dangerous; 24% risk of failure)
Confirm with . or Enter, or press ? or * to list all spells.
Aiming: Poisonous Vapours (safe; 19% risk of failure)
Press: ? - help, Dir - move target, f/p - ogre
Aim: an ogre, wielding a +0 giant club (heavily wounded, poisoned) Poisonous vapours surround the ogre!
The ogre looks even sicker.
The ogre hits you with a +0 giant club!!
Ouch! That really hurt!
You scratch the ogre.
The ogre is severely wounded.
The ogre hits you with a +0 giant club!
Ouch! That really hurt!
You die...

########################
#....................#..
#....................#..
#....................#..
#...............##..##..
##.####..#####..######..
######@.##.##..##......
#..O..+.......#......
#.....#.......#......
###########....##.....##......
..##...))...##....##.....##......
.......#.....'...........##..##..
.......#.....#........^..##'#####
.......#.....#................#
..##...##...##..............>.#


You could see an ogre (poisoned).

Vanquished Creatures
  Sigmund (D:5)
  An orc warrior (D:6)
  A black bear (D:4)
  A phantom (D:5)
  A nameless horror (D:5)
  4 scorpions (D:5)
  A hound (D:4)
  Crazy Yiuf (D:2)
  3 orc priests
  A jelly (D:5)
  3 sleepcaps
  Terence (D:2)
  3 iguanas
  2 orc wizards
  6 adders
  A shadow imp (D:5)
  An ufetubus (D:4)
  A dart slug (D:3)
  12 orcs
  3 endoplasms
  A giant cockroach (D:3)
  3 goblins
  8 hobgoblins
  6 jackals (D:1)
  4 kobolds
  2 quokkas (D:1)
  2 ball pythons (D:3)
  A bat (D:1)
  A frilled lizard (D:2)
  8 rats
84 creatures vanquished.

Vanquished Creatures (collateral kills)
  2 orcs (D:4)
  A kobold (D:4)
3 creatures vanquished.

Vanquished Creatures (others)
  An orc wizard (D:5)
1 creature vanquished.

Grand Total: 88 creatures vanquished

Notes
Turn   | Place    | Note
-------+----------+-------------------------------------------
     0 | D:5      | croobank the Felid Delver began the quest for the Orb.
     0 | D:5      | Reached XP level 1. HP: 10/10 MP: 2/2
     1 | D:6      | Noticed Maggie
     1 | D:6      | Noticed an orc warrior
    31 | D:5      | Noticed a scorpion
    40 | D:5      | Killed a scorpion
    41 | D:5      | Reached skill level 7 in Stealth
    41 | D:5      | Reached XP level 2. HP: 14/14 MP: 3/3
    41 | D:5      | Reached XP level 3. HP: 17/17 MP: 4/4
    53 | D:5      | Noticed a scorpion
   260 | D:3      | Found a burning altar of Makhleb.
   267 | D:3      | Found a shimmering blue altar of Sif Muna.
   275 | D:3      | Found a shadowy altar of Dithmenos.
   444 | D:1      | Reached XP level 4. HP: 19/21 MP: 5/5
  1390 | D:2      | Noticed Terence
  1430 | D:2      | Killed Terence
  1614 | D:2      | Found a runed translucent door.
  1615 | D:2      | Noticed Crazy Yiuf
  1635 | D:2      | Killed Crazy Yiuf
  1636 | D:2      | Reached XP level 5. HP: 25/25 MP: 5/7
  1923 | D:3      | Found an ancient bone altar of Kikubaaqudgha.
  1947 | D:3      | Reached skill level 1 in Spellcasting
  2229 | D:3      | Reached skill level 1 in Poison Magic
  2551 | D:4      | Noticed an ogre
  2640 | D:4      | Noticed a black bear
  2658 | D:4      | Slain by a black bear
  2659 | D:4      | Reached XP level 4. HP: -4/22 MP: 6/6
  2920 | D:4      | Killed a black bear
  2921 | D:4      | Reached skill level 8 in Stealth
  2921 | D:4      | Reached XP level 5. HP: 25/25 MP: 8/8
  3013 | D:4      | Gained mutation: You are covered in thick fur. (AC +2)
                  | [Felid growth]
  3013 | D:4      | Reached XP level 6. HP: 28/28 MP: 9/9
  3138 | D:4      | Learned a level 2 spell: Poisonous Vapours
  3614 | D:5      | Noticed Sigmund
  3637 | D:5      | Killed Sigmund
  3638 | D:5      | Reached XP level 7. HP: 18/32 MP: 8/11
  4164 | D:5      | Reached skill level 5 in Dodging
  4164 | D:5      | Reached skill level 9 in Stealth
  4219 | D:5      | Found an iron altar of Okawaru.
  4528 | D:6      | Slain by a sleepcap
  4529 | D:6      | Reached XP level 6. HP: -5/29 MP: 11/11
  4584 | D:6      | Learned a level 1 spell: Summon Small Mammal
  4588 | D:6      | Learned a level 3 spell: Call Canine Familiar
  4941 | D:6      | Noticed a nameless horror
  4951 | D:5      | Killed a nameless horror
  5011 | D:6      | Found Cuceixyem's Overcharged Wands.
  5189 | D:6      | Reached skill level 1 in Summonings
  5189 | D:6      | Reached XP level 7. HP: 33/33 MP: 12/12
  5423 | D:7      | Noticed a two-headed ogre
  5596 | D:6      | Found a staircase to the Ecumenical Temple.
  5660 | D:6      | Gained mutation: Your muscles are strong. (Str +4, Int/Dex
                  | -1) [potion of mutation]
  5660 | D:6      | Gained mutation: You are partially covered in iridescent
                  | scales. (AC +2) [potion of mutation]
  5886 | D:6      | Slain by an ogre

Illustrated notes

Levels and vault maps discovered:
D:1:      eino_arrival_cavern_a, layout_loops_ring,
          nicolae_kite_square_tiling_tiny, nrook_loot_triangle
D:2:      layout_basic, minmay_misc_feat_plants, columned_hall_lemuel,
          uniq_terence, uniq_crazy_yiuf_cottage
D:3:      layout_loops_ring, mainiacjoe_overflow_boulevard, minitemple,
          kennysheep_donut, kennysheep_small_spiral
D:4:      layout_cave_pools
D:5:      layout_basic, mainiacjoe_overflow_six_doors_small, uniq_sigmund
D:6:      nicolae_BIG_FREAKIN_CUBE, layout_gridville,
          minmay_temple_entry_from_below_a, minmay_misc_feat_alley,
          nicolae_shop_overcharged_wands, uniq_maggie
D:7:      layout_basic, serial_shops, shop, uniq_prince_ribbit1, uniq_menkaure

Skill      XL: |  1  2  3  4  5  6  7 |
---------------+----------------------+-----
Dodging        | 3 4 5 |  5.1
Stealth        | 7 8 9 |  9.3
Unarmed Combat | 3 |  3.9
Spellcasting   | 1 2 3 |  3.3
Poison Magic   | 1 2 3 |  3.2
Fighting       | 4 |  4.5
Summonings     | 1 2 |  2.6

Action                     |  1- 3 |  4- 6 |  7- 9 || total
---------------------------+-------+-------+-------++-------
  Melee: Unarmed           |    27 |   173 |    86 ||   286
         Bite              |     1 |    14 |    12 ||    27
         Punch             |       |     3 |     5 ||     8
   Cast: Poisonous Vapours |       |    12 |    16 ||    28
         Summon Small Mamm |       |     1 |       ||     1
         Call Canine Famil |       |       |     2 ||     2
  Evoke: Wand              |       |    12 |       ||    12
    Use: Scroll            |     1 |     9 |     4 ||    14
         Potion            |       |     5 |     5 ||    10
   Stab: Sleeping          |     3 |    13 |     5 ||    21
         Distracted        |       |     1 |       ||     1
         Invisible         |       |     1 |       ||     1
 Armour: Skin              |       |     8 |     6 ||    14
  Dodge: Dodged            |    16 |   193 |    80 ||   289
